 Dungeon Crawl Stone Soup version 0.21-a0-401-g0b6bec4 (webtiles) character file.

67 Mitsuki the Magician (level 3, 0/24 HPs)
             Began as a Demonspawn Wizard on Oct 25, 2017.
             Slain by a goblin (2 damage)
             ... led by Robin
             ... on level 2 of the Dungeon.
             The game lasted 00:03:31 (2408 turns).

Mitsuki the Magician (Demonspawn Wizard)            Turns: 2408, Time: 00:03:32

Health: 0/24       AC:  3    Str:  7    XL:     3   Next: 98%
Magic:  0/8        EV: 12    Int: 20    God:
Gold:   63         SH:  0    Dex: 15    Spells: 0/9 levels left

rFire    . . .     SeeInvis .   e - +0 short sword
rCold    . . .     Gourm    .   (no shield)
rNeg     . . .     Faith    .   a - +0 robe
rPois    .         Spirit   +   b - +0 hat
rElec    .         Reflect  .   (no cloak)
rCorr    .         Harm     .   h - +0 pair of gloves
MR       .....                  (no boots)
Stlth    ++........             (no amulet)
HPRegen  0.08/turn              p - +4 ring of dexterity
MPRegen  0.11/turn              (no ring)

@: no status effects
A: claws 1, magic shield
a: no special abilities


You were on level 2 of the Dungeon.
You were hungry.

You visited 1 branch of the dungeon, and saw 2 of its levels.

You collected 63 gold pieces.

Inventory:

Hand Weapons
 e - a +0 short sword (weapon)
Armour
 a - a +0 robe (worn)
 b - a +0 hat (worn)
 h - a +0 pair of gloves (worn)
Jewellery
 p - a +4 ring of dexterity (left hand)
Wands
 r - a wand of confusion (15/48)
Scrolls
 f - a scroll of identify {unknown}
 i - a scroll of amnesia {unknown}
 j - 2 scrolls of fog {unknown}
 l - 2 scrolls of magic mapping {unknown}
 m - 2 scrolls of teleportation {unknown}
Potions
 k - a potion of degeneration {unknown}
 o - 2 potions of magic {unknown}
 q - 2 potions of invisibility {unknown}
Books
 c - a book of Minor Magic

   Spells                             Type                      Level
   a - Magic Dart                     Conjuration                  1
   b - Blink                          Translocation                2
   c - Call Imp                       Summoning                    2
   d - Slow                           Hexes                        2
   e - Conjure Flame                  Conjuration/Fire             3
   f - Mephitic Cloud                 Conjuration/Poison/Air       3
Comestibles
 d - a bread ration
 g - a meat ration
 n - 3 chunks of flesh


   Skills:
 - Level 1.7 Dodging
 - Level 1.7 Stealth
 + Level 3.9 Spellcasting
 + Level 2.8 Conjurations
   Level 1.0 Summonings
 - Level 0.8 Translocations


You couldn't memorise any spells.
You knew the following spells:

 Your Spells              Type           Power        Failure   Level  Hunger
a - Magic Dart            Conj           ###.         4%          1    None
b - Mephitic Cloud        Conj/Pois/Air  #.......     26%         3    ###....
c - Blink                 Tloc           N/A          14%         2    ##.....
d - Conjure Flame         Conj/Fire      #.......     22%         3    ###....


Dungeon Overview and Level Annotations

Branches:
Dungeon (2/15)

Altars:

Annotations:
D:2 Robin


Innate Abilities, Weirdness & Mutations

You have sharp fingernails.
When hurt, damage is shared between your health and your magic reserves.


Message History

Robin hits you but does no damage. The goblin barely misses you.
You hit Robin.
Robin is heavily wounded.
The goblin no longer looks unusually strong.
Robin roars a battlecry!
The goblin goes into a battle-frenzy!
The goblin hits you but does no damage.
You are feeling hungry.
You hit Robin.
Robin is severely wounded.
Robin barely misses you. The goblin barely misses you.
A goblin comes into view. It is wielding a dagger.
You closely miss Robin.
Robin is severely wounded.
The goblin no longer looks unusually strong.
The goblin misses you.
You closely miss the bat. The bat misses you. The bat closely misses you.
Robin barely misses you. The goblin hits you.
* * * LOW MAGIC WARNING * * *
You die...

......(............
######.####....... #.# #.......
#)# ######## ##.# ## #..# ##
##### #g ####.# #. #...#
#b##.#..# #. #...# ### #g@g....#
#. #...###.####################.
###.......)..................'.
#.'.................#....#####.
#.#......)###.#####.#.)..# ###.
#.#.......###.#####.#....# #...
###.#....##.........#.#....###...
#........#######...##.#....+..<..
#.#.#.##.# #...##.#....####'#


You could see Robin, 2 goblins and a bat.

Vanquished Creatures
  An adder (D:2)
  A dart slug (D:1)
  A giant cockroach (D:1)
  10 goblins
  8 hobgoblins
  4 jackals (D:2)
  A ball python (D:1)
  12 bats
  7 kobolds
  7 rats (D:1)
52 creatures vanquished.

Notes
Turn   | Place    | Note
-------+----------+-------------------------------------------
     0 | D:1      | Mitsuki the Demonspawn Wizard began the quest for the Orb.
     0 | D:1      | Reached XP level 1. HP: 13/13 MP: 4/4
   313 | D:1      | Gained mutation: You have sharp fingernails. [demonic ancestry]
   313 | D:1      | Reached XP level 2. HP: 19/19 MP: 4/6
   930 | D:1      | Gained mutation: When hurt, damage is shared between your health and your magic reserves. [demonic ancestry]
   930 | D:1      | Reached XP level 3. HP: 7/24 MP: 1/8
  1112 | D:1      | Learned a level 3 spell: Mephitic Cloud
  1115 | D:1      | Learned a level 2 spell: Blink
  1119 | D:1      | Learned a level 3 spell: Conjure Flame
  2389 | D:2      | Noticed Robin
  2408 | D:2      | Slain by a goblin

Vault maps used:
D:1:      dpeg_arrival_court, serial_corexii_hall, corexii_hall_statues_l,
          corexii_hall_statues_deadend
D:2:      minmay_wonky_spiral, uniq_robin

Skill      XL: |  1  2 |
---------------+-------+-----
Conjurations   | 2 |  2.8
Dodging        | |  1.7
Stealth        | |  1.7
Spellcasting   | |  3.9
Summonings     | |  1.0
Translocations | |  0.8

Action                   || total
-------------------------++-------
Melee: Short sword       ||    56
       Unarmed           ||     1
 Cast: Magic Dart        ||   109
  Eat: Chunk             ||     4
Armor: Robe              ||    14
Dodge: Dodged            ||    66

Table legend:
 A = Spawn XP
 B = Non-spawn XP
 C = Spawn XP percentage of total XP
 D = Spawn monster count
 E = Non-spawn monster count
 F = Spawn count percentage of total count
 G = Total turns spent on level
                    A         B        C        D         E        F      G
               +---------+---------+-------+---------+---------+-------+---------
         Total |       0 |      96 |   0.0 |       0 |      52 |   0.0 |  2408
               +---------+---------+-------+---------+---------+-------+---------
           D:1 |       0 |      47 |   0.0 |       0 |      30 |   0.0 |  1428
           D:2 |       0 |      49 |   0.0 |       0 |      22 |   0.0 |   980
               +---------+---------+-------+---------+---------+-------+---------
